 Dungeon Crawl Stone Soup version 0.26-a0-638-gcca6ad1b57 (webtiles) character file.

Game seed: 17333296556719254721

226 ANON1729 the Sneak (level 6, -5/37 HPs)
             Began as a Kobold Brigand on Sept 14, 2020.
             Killed from afar by an orc wizard (9 damage)
             ... with a magic dart
             ... on level 3 of the Dungeon.
             The game lasted 00:06:09 (3311 turns).

ANON1729 the Sneak (Kobold Brigand)                 Turns: 3311, Time: 00:06:09

Health: -5/37      AC:  4    Str:  8    XL:     6   Next: 21%
Magic:  6/6        EV: 17    Int: 13    God:
Gold:   162        SH:  0    Dex: 24    Spells: 5/5 levels left

rFire    . . .     SeeInvis .   a - +2 dagger
rCold    + . .     Faith    .   (shield restricted)
rNeg     . . .     Spirit   .   b - +0 robe
rPois    .         Reflect  .   (no helmet)
rElec    .         Harm     .   c - +0 cloak
rCorr    .         Rampage  .   (no gloves)
MR       .....                  k - +0 pair of boots
Stlth    +++++.....             (no amulet)
HPRegen  0.12/turn              l - +6 ring of dexterity
MPRegen  0.10/turn              r - ring of protection from cold

@: no status effects
A: small, nightstalker 3
a: no special abilities


You were on level 3 of the Dungeon.
You visited 1 branch of the dungeon, and saw 3 of its levels.

You collected 162 gold pieces.

Inventory:

Hand Weapons
 a - a +2 dagger (weapon)
Missiles
 d - 7 poisoned darts (quivered)
 j - 3 atropa-tipped darts
 w - a curare-tipped dart
Armour
 b - a +0 robe (worn)
 c - a +0 cloak (worn)
 k - a +0 pair of boots (worn)
 t - a +1 scale mail of magic resistance
Jewellery
 l - a +6 ring of dexterity (left hand)
 r - a ring of protection from cold (right hand)
Wands
 e - a wand of flame (10)
Scrolls
 i - 2 scrolls of amnesia {unknown}
 m - a scroll of enchant armour {unknown}
 n - a scroll of immolation {unknown}
 o - a scroll of remove curse {unknown}
 p - a scroll of noise {unknown}
 q - a scroll of fear {unknown}
 s - 2 scrolls of teleportation {unknown}
 v - a scroll of fog {unknown}
 x - a scroll of magic mapping {unknown}
Potions
 f - a potion of invisibility
 g - a potion of brilliance {unknown}
 h - a potion of heal wounds
 u - a potion of curing {unknown}


   Skills:
 + Level 3.0 Fighting
 * Level 4.7 Short Blades
 + Level 3.2 Throwing
 + Level 3.0 Dodging
 * Level 6.9 Stealth


You had 5 spell levels left.
You didn't know any spells.
Your spell library was empty.

Dungeon Overview and Level Annotations

Branches:
Dungeon (3/15)

Altars:
Ru
Trog


Innate Abilities, Weirdness & Mutations

You are small and have problems with some larger weapons.
You are completely attuned to the shadows.


Message History

The orc is severely wounded.
The orc priest invokes the aid of Beogh against you.
Beogh smites you!
* * * LOW HITPOINT WARNING * * *
The orc priest barely misses you. The orc barely misses you.
You hear a shout!
You feel much better. The orc wizard casts a spell at you.
The magic dart hits you.
The orc wizard hits you but does no damage.
The orc completely misses you.
The orc priest calls down the wrath of Beogh upon you.
Pain shoots through your body!
* * * LOW HITPOINT WARNING * * *
The orc wizard casts a spell at you. The magic dart hits you.
* * * LOW HITPOINT WARNING * * *
The orc wizard casts a spell at you. The magic dart hits you!
You die...

########
#......#
#.####.#
##########.#
#.#
...oo..@...#
#.#
...†oo######
#.# #####w#
#.# #.# #.#
#.# ###.#
#...# #.###
#.# #.#


You could see 2 orc priests, an orc wizard (fast) and an orc.

Vanquished Creatures
  Terence (D:2)
  Natasha (thrice) (D:2)
  4 adders
  2 oozes
  A worm (D:3)
  3 dart slugs
  4 leopard geckos
  An orc (D:3)
  9 bats
  3 giant cockroaches (D:2)
  9 goblins
  7 hobgoblins
  3 jackals
  6 frilled lizards
  6 kobolds
  9 rats
71 creatures vanquished.

Notes
Turn   | Place    | Note
-------+----------+-------------------------------------------
     0 | D:1      | ANON1729 the Kobold Brigand began the quest for the Orb.
     0 | D:1      | Reached XP level 1. HP: 12/12 MP: 1/1
   182 | D:1      | Reached XP level 2. HP: 6/18 MP: 2/2
   780 | D:1      | Reached XP level 3. HP: 13/22 MP: 3/3
  1368 | D:2      | Reached XP level 4. HP: 27/27 MP: 4/4
  1406 | D:2      | Reached skill level 6 in Stealth
  1695 | D:2      | Noticed Terence
  1731 | D:2      | Killed Terence
  1731 | D:2      | Reached XP level 5. HP: 11/32 MP: 5/5
  1997 | D:2      | Noticed Natasha
  2528 | D:2      | Found a bloodstained altar of Trog.
  2621 | D:2      | Killed Natasha
  2772 | D:2      | Noticed Natasha
  2782 | D:2      | Killed Natasha
  2981 | D:2      | Noticed Natasha
  2994 | D:2      | Killed Natasha
  2994 | D:2      | Reached XP level 6. HP: 28/37 MP: 6/6
  3198 | D:3      | Found a sacrificial altar of Ru.
  3311 | D:3      | Killed from afar by an orc wizard

Illustrated notes

Levels and vault maps discovered:
D:1:      nagdon_arrival_zigzag_paths, layout_basic, minmay_tetromino_s4
D:2:      cheibrodos_helix_gallery, layout_rooms, trog_book, uniq_terence,
          uniq_natasha
D:3:      layout_loops_ring, nicolae_ru_awakened_eye

Skill      XL: |  1  2  3  4  5  6 |
---------------+-------------------+-----
Short Blades   | 3 4 |  4.7
Dodging        | 2 3 |  3.0
Stealth        | 6 |  6.9
Throwing       | 3 |  3.2
Fighting       | 3 |  3.0

Action                   |  1- 3 |  4- 6 || total
-------------------------+-------+-------++-------
Melee: Dagger            |    93 |   205 ||   298
Throw: Dart              |       |    17 ||    17
  Use: Potion            |       |     2 ||     2
 Stab: Sleeping          |    12 |    11 ||    23
       Invisible         |       |     1 ||     1
Armor: Robe              |    15 |    25 ||    40
Dodge: Dodged            |    63 |   132 ||   195

Table legend: (Time is in decaauts)
 A = Elapsed time spent in this place.
 B = Non-inter-level travel time spent in this place.
 C = Inter-level travel time spent in this place.
 D = Time resting spent in this place.
 E = Time spent auto-exploring this place.
 F = Levels seen in this place.
 G = Mean time per level.
                   A        B        C        D        E       F      G
               +--------+--------+--------+--------+--------+-----+--------+
         Total |   3254 |   3109 |    145 |   1231 |   1287 |   3 | 1084.7 |
       Dungeon |   3254 |   3109 |    145 |   1231 |   1287 |   3 | 1084.7 |
               +--------+--------+--------+--------+--------+-----+--------+

Top non-repeatable levels by time:
     D:2: 1598 daAuts
     D:1: 1440 daAuts
     D:3: 215 daAuts
